 Dungeon Crawl Stone Soup version 0.25-a0-1078-gea6e5d949a (webtiles) character file.

Game seed: 8126873918670096801, levelgen mode: deterministic

245 Masnef the Shield-Bearer (level 6, -1/47 HPs)
             Began as a Formicid Fighter on May 15, 2020.
             Slain by a hippogriff (4 damage)
             ... on level 3 of the Dungeon.
             The game lasted 00:03:15 (1856 turns).

Masnef the Shield-Bearer (Formicid Fighter)         Turns: 1856, Time: 00:03:16

Health: -1/47      AC: 12    Str: 21    XL:     6   Next: 32%
Magic:  6/6        EV:  8    Int:  9    God:
Gold:   102        SH:  9    Dex: 10    Spells: 5/5 levels left

rFire    . . .     SeeInvis +   a - +0 war axe
rCold    . . .     Gourm    .   c - +0 kite shield
rNeg     . . .     Faith    .   b - +0 scale mail
rPois    .         Spirit   .   (helmet unavailable)
rElec    .         Reflect  .   (no cloak)
rCorr    .         Harm     .   k - +0 pair of gloves
MR       .....                  (no boots)
Stlth    ..........             (no amulet)
HPRegen  0.15/turn              d - +4 ring of protection
MPRegen  0.10/turn              (no ring)

@: lethally poisoned (-1 -> -3)
A: permanent stasis, dig shafts and tunnels, four strong arms, antennae 3
a: Dig, Shaft Self


You were on level 3 of the Dungeon.
You were hungry.

You visited 1 branch of the dungeon, and saw 3 of its levels.

You collected 102 gold pieces.

Inventory:

Hand Weapons
 a - a +0 war axe (weapon)
 o - a +0 spear
Armour
 b - a +0 scale mail (worn)
 c - a +0 kite shield (worn)
 k - a +0 pair of gloves (worn)
Jewellery
 d - a +4 ring of protection (left hand)
Scrolls
 e - 3 scrolls of enchant weapon {unknown}
 g - a scroll of immolation {unknown}
 h - a scroll of enchant armour {unknown}
 i - 2 scrolls of identify {unknown}
 j - a scroll of teleportation {unknown}
 m - 2 scrolls of remove curse {unknown}
 n - a scroll of noise {unknown}
Potions
 l - 2 potions of degeneration {unknown}
 q - 2 potions of brilliance {unknown}
Comestibles
 f - 3 rations
 p - 2 chunks of flesh


   Skills:
 + Level 3.6 Fighting
 - Level 3.7(4.2) Axes
 * Level 2.8(3.7) Polearms
 + Level 4.0 Armour
 + Level 0.8 Dodging
 + Level 4.5 Shields


You had 5 spell levels left.
You didn't know any spells.
Your spell library contained the following spells:

 Spells                   Type           Power        Failure   Level  Hunger
 Confusing Touch          Hex            #.......     100%        3    ####...
 Gell's Gravitas          Tloc           #.........   100%        3    ####...
 Petrify                  Tmut/Erth      #.......     100%        4    #####..
 Metabolic Englaciation   Hex/Ice        #.........   100%        5    ######.
 Yara's Violent Unravell  Hex/Tmut       #.........   100%        5    ######.


Dungeon Overview and Level Annotations

Branches:
Dungeon (3/15)

Altars:
Dithmenos


Innate Abilities, Weirdness & Mutations

You cannot be hasted, slowed, berserked, paralysed or teleported.
You can dig through walls and to a lower floor.
Your four strong arms can wield two-handed weapons with a shield.
You have a pair of large antennae on your head. (SInv)


Message History

You hit the adder. You slash the frilled lizard!
You kill the frilled lizard!
You feel sick. The hippogriff bites you.
* * * LOW HITPOINT WARNING * * *
The hippogriff pecks you.
* * * LOW HITPOINT WARNING * * *
The hippogriff claws you.
* * * LOW HITPOINT WARNING * * *
The adder bites you but does no damage. You block the hippogriff's attack.
The hippogriff barely misses you.
The hippogriff claws you but does no damage.
You slash the hippogriff!
The hippogriff is severely wounded.
You slash the adder!
You kill the adder!
You hit the rat.
You kill the rat!
The hippogriff bites you but does no damage.
The hippogriff pecks you.
You die...

########
#....@.#
#...H†.#
#........
#......#...
#......#.##.#
#......# # #
####.### ..


You could see a hippogriff.

Vanquished Creatures
  Sigmund (D:2)
  3 adders
  An ooze (D:1)
  A dart slug (D:1)
  4 leopard geckos
  An orc (D:2)
  6 bats
  3 giant cockroaches
  8 goblins
  6 hobgoblins
  3 jackals (D:2)
  4 kobolds (D:1)
  6 frilled lizards
  5 rats
52 creatures vanquished.

Notes
Turn   | Place    | Note
-------+----------+-------------------------------------------
     0 | D:1      | Masnef the Formicid Fighter began the quest for the Orb.
     0 | D:1      | Reached XP level 1. HP: 18/18 MP: 1/1
   104 | D:1      | Reached XP level 2. HP: 24/24 MP: 2/2
   256 | D:1      | Reached XP level 3. HP: 26/29 MP: 3/3
  1000 | D:2      | Reached XP level 4. HP: 26/35 MP: 4/4
  1294 | D:2      | Noticed Sigmund
  1314 | D:2      | Killed Sigmund
  1314 | D:2      | Reached XP level 5. HP: 27/41 MP: 5/5
  1314 | D:2      | Reached XP level 6. HP: 31/47 MP: 6/6
  1439 | D:2      | Found a shadowy altar of Dithmenos.
  1845 | D:3      | Noticed a hippogriff
  1856 | D:3      | Slain by a hippogriff

Illustrated notes

Levels and vault maps discovered:
D:1:      dpeg_arrival_orchard, layout_basic, st_stairs_5
D:2:      layout_rooms, lemuel_round_altar, uniq_sigmund
D:3:      layout_loops_cross, overflow_temple_1_default, uniq_grinder

Skill      XL: |  1  2  3  4  5  6 |
---------------+-------------------+-----
Axes           | 3 |  3.7
Polearms       | 2 |  2.8
Shields        | 4 |  4.5
Armour         | 4 |  4.0
Fighting       | |  3.6
Dodging        | |  0.8

Action                   |  1- 3 |  4- 6 || total
-------------------------+-------+-------++-------
Melee: War axe           |   106 |    72 ||   178
       Spear             |    33 |     1 ||    34
  Use: Potion            |       |     3 ||     3
  Eat: Chunk             |     1 |     2 ||     3
Armor: Scale mail        |    76 |    42 ||   118
Dodge: Dodged            |    51 |    24 ||    75
Block: Kite shield       |    95 |    54 ||   149

Table legend:
 A = Non-vault XP
 B = Vault XP
 C = Vault XP percentage of total XP
 D = Non-vault monster count
 E = Vault monster count
 F = Vault count percentage of total count
                 A         B        C        D         E       F
            +---------+---------+-------+---------+---------+-------
      Total |     127 |     223 |  63.7 |      49 |       3 |   5.8
            +---------+---------+-------+---------+---------+-------
        D:1 |      52 |       3 |   5.5 |      26 |       2 |   7.1
        D:2 |      60 |     220 |  78.6 |      20 |       1 |   4.8
        D:3 |      15 |       0 |   0.0 |       3 |       0 |   0.0
            +---------+---------+-------+---------+---------+-------
